 Dungeon Crawl Stone Soup version 0.29.1-12-g30fa7ad0bf (webtiles) character file.

Game seed: 8369224784018720256

3294 Descartes the Magician (level 9, -1/45 HPs)
             Began as a Deep Elf Fire Elementalist on Jan 8, 2023.
             Was an Initiate of Gozag.
             Slain by a gnoll bouda
             ... wielding a +0 whip
              (13 damage)
             ... on level 7 of the Dungeon.
             The game lasted 00:15:58 (10537 turns).

Descartes the Magician (DEFE)                      Turns: 10537, Time: 00:15:59

Health: -1/45      AC:  2    Str:  7    XL:     9   Next: 69%
Magic:  26/30      EV:  8    Int: 23    God:    Gozag
Gold:   671        SH:  0    Dex: 15    Spells: 14/21 levels left

rFire   . . .      SeeInvis .   H - +6 flail of the Building Gods {flame, rElec}
rCold   . . .      Faith    .   (no shield)
rNeg    . . .      Spirit   .   a - +0 robe
rPois   .          Reflect  .   (no helmet)
rElec   +          Harm     .   (no cloak)
rCorr   +          Rampage  .   (no gloves)
Will    .....                   (no boots)
Stlth   +++.......              F - amulet of magic regeneration
HPRegen 0.15/turn               A - ring of magical power
MPRegen 0.62/turn               q - ring of resist corrosion

@: gold aura, held
A: no striking features
a: Renounce Religion, Potion Petition, Call Merchant, Bribe Branch


You were on level 7 of the Dungeon.
You worshipped Gozag.
Gozag was pleased with you.
You visited 2 branches of the dungeon, and saw 8 of its levels.
You also visited: Sewer and Ossuary.

You collected 1158 gold pieces.
You paid 487 gold pieces to Gozag.

Inventory:

Hand Weapons
 h - a +1 dagger of venom
 i - a +2 dagger of electrocution
 C - a +3 battleaxe of freezing
 H - the +6 flail of the Building Gods (weapon) {flame, rElec}
   (You found it on level 6 of the Dungeon)

   It burns those it strikes, dealing additional fire damage.
   rElec:     It insulates you from electricity.
Missiles
 r - 21 poisoned darts
 y - a curare-tipped dart
 M - 2 boomerangs
Armour
 a - a +0 robe (worn)
 m - a +0 kite shield
 L - a scarf of harm
Jewellery
 q - a ring of resist corrosion (right hand)
 A - a ring of magical power (left hand)
 F - an amulet of magic regeneration (around neck)
Wands
 z - a wand of charming (10)
 G - a wand of flame (21)
 K - a wand of polymorph (3)
Scrolls
 k - 3 scrolls of vulnerability
 l - 8 scrolls of identify
 n - 4 scrolls of teleportation
 o - 3 scrolls of poison
 p - 5 scrolls of enchant weapon
 D - 3 scrolls of blinking {unknown}
 E - a scroll of butterflies {unknown}
 I - a scroll of magic mapping
 J - a scroll of amnesia {unknown}
Potions
 b - 3 potions of magic
 c - 3 potions of degeneration {unknown}
 d - 3 potions of haste
 e - 3 potions of mutation {unknown}
 f - 5 potions of flight {unknown}
 g - 2 potions of lignification {unknown}
 j - a potion of brilliance {unknown}
 s - 2 potions of attraction {unknown}
 t - a potion of invisibility {unknown}
 u - a potion of resistance {unknown}
 v - a potion of might {unknown}
 w - 2 potions of heal wounds {unknown}
 x - 4 potions of curing {unknown}
 B - 2 potions of cancellation {unknown}
 N - a potion of ambrosia {unknown}


   Skills:
 + Level 6.3 Dodging
 + Level 6.7 Stealth
 + Level 3.8 Shields
 + Level 6.9 Spellcasting
 + Level 5.3 Conjurations
 + Level 6.2 Fire Magic
 + Level 5.2 Poison Magic
 + Level 5.0 Evocations


You had 14 spell levels left.
You knew the following spells:

 Your Spells              Type           Power      Damage    Failure   Level
a - Foxfire               Conj/Fire      100%       2x1d9     1%          1
b - Flame Wave            Conj/Fire      34%        2d10      7%          4
c - Scorch                Fire           72%        2d8       1%          2

Your spell library contained the following spells:

 Spells                   Type           Power      Damage    Failure   Level
 Conjure Flame            Conj/Fire      34%        6-21      2%          3
 Inner Flame              Hex/Fire       22%        N/A       6%          3
 Spider Form              Tmut/Pois      19%        N/A       8%          3
 Ensorcelled Hibernation  Hex/Ice        14%        N/A       12%         2
 Anguish                  Hex/Necr       3%         N/A       61%         4
 Cause Fear               Hex            3%         N/A       61%         4
 Discord                  Hex            3%         N/A       100%        8


Dungeon Overview and Level Annotations

Branches:
Dungeon (7/15)             Temple (1/1) D:4           Sewer (visited)
Ossuary (visited)

Altars:
Cheibriados
Dithmenos
Elyvilon
Fedhas
Gozag
Hepliaklqana
Kikubaaqudgha
Makhleb
Nemelex Xobeh
Okawaru
Qazlal
Ru
Trog
Uskayaw
Vehumet
Wu Jian
Xom
Yredelemnul
Zin


Message History

You conjure some foxfire!
The foxfire hits the gnoll!
The gnoll is almost dead.
The foxfire hits the gnoll but does no damage.
The gnoll is almost dead.
The gnoll hits you from afar with a +0 spear.
The gnoll barely misses you.
Unknown command.
Casting: Foxfire (safe; 1% risk of failure)
Confirm with . or Enter, or press ? or * to list all spells.
You conjure some foxfire!
The foxfire hits the gnoll!
You kill the gnoll!
The foxfire hits the gnoll.
You kill the gnoll!
Casting: Foxfire (safe; 1% risk of failure)
Confirm with . or Enter, or press ? or * to list all spells.
You conjure some foxfire!
The foxfire hits the gnoll bouda but does no damage.
The foxfire hits the gnoll.
The gnoll is moderately wounded.
The gnoll hits you with a +0 club!
The foxfire hits the gnoll bouda.
The gnoll bouda is moderately wounded.
Casting: Foxfire (safe; 1% risk of failure)
Confirm with . or Enter, or press ? or * to list all spells.
You conjure some foxfire!
The foxfire hits the gnoll but does no damage.
The gnoll is moderately wounded.
The gnoll completely misses you.
Unknown command.
Casting: Foxfire (safe; 1% risk of failure)
Confirm with . or Enter, or press ? or * to list all spells.
You conjure some foxfire!
The foxfire hits the gnoll bouda but does no damage.
The gnoll bouda is moderately wounded.
The foxfire hits the gnoll bouda.
The gnoll bouda is moderately wounded.
The gnoll hits you with a +0 club!
* * * LOW HITPOINT WARNING * * *
The gnoll bouda hits you with a +0 whip!
You die...
Your body crumbles into a pile of gold.

#...............
#...............
##..#........(..
##..#...........
#.>.#..........#
##..#......#.#.##
###......#.......#
##ยงยงยง..#####....,,**
**#.v@.$.#**,,,,,,,,,,
***#...vgg$.....,,,,,,,,,
***^#..............,,,,,,,,
*,,................,,,,,,,*
*,,#..............g,,,,,,,*
**,,##..............,,,,..,*
*,,,................,,,,#..*
*,,,......#........,,,,,#..#
**,,,,,$*,*,,,,,,,,,,,,,....


You could see a gnoll bouda (ally target) and a gnoll (swift).

Vanquished Creatures
  Grinder (D:5)
  Sigmund (D:6)
  A steam dragon (D:7)
  Edmund (D:6)
  Menkaure (D:5)
  A water moccasin (D:5)
  An orc warrior (D:7)
  3 ice beasts (D:5)
  3 ogres
  A phantom (D:5)
  3 kobold brigands (Sewer)
  2 bullfrogs (D:6)
  A necrophage (D:6)
  A scorpion (D:5)
  11 wights
  A howler monkey (D:5)
  A hound (D:5)
  A jelly (D:6)
  5 orc priests
  Terence (D:3)
  An iguana (D:4)
  An orc wizard (D:5)
  14 mummies (Ossuary)
  2 gnolls (D:7)
  4 river rats (Sewer)
  8 adders
  An ufetubus (D:7)
  2 worms
  2 dart slugs (D:3)
  17 orcs
  8 ball pythons
  5 bats
  6 endoplasms
  8 giant cockroaches
  9 hobgoblins
  6 quokkas
  A frilled lizard (D:1)
  2 gnoll skeletons (Ossuary)
  4 goblins
  A goblin skeleton (Ossuary)
  9 kobolds
  2 kobold skeletons (Ossuary)
  3 orc skeletons (Ossuary)
  6 rats
  11 rat skeletons (Ossuary)
  A spectral orc (D:7)
175 creatures vanquished.

Vanquished Creatures (others)
  1103 foxfires
1103 creatures vanquished.

Grand Total: 1278 creatures vanquished

Notes
Turn   | Place    | Note
-------+----------+-------------------------------------------
     0 | D:1      | Descartes the Deep Elf Fire Elementalist began the quest
                  | for the Orb.
     0 | D:1      | Reached XP level 1. HP: 10/10 MP: 6/6
   446 | D:1      | Reached XP level 2. HP: 15/15 MP: 5/8
  1170 | D:2      | Found a faded altar of an unknown god.
  1220 | D:2      | Reached skill level 1 in Evocations
  1220 | D:2      | Reached XP level 3. HP: 19/19 MP: 3/9
  2147 | D:3      | Reached skill level 1 in Poison Magic
  2783 | D:3      | Reached XP level 4. HP: 24/24 MP: 8/11
  2846 | D:3      | Identified the +10 sling "Ithao" {flame, Drain +Blink Dex+2
                  | Stlth+}
  2900 | D:3      | Noticed Terence
  2912 | D:3      | Killed Terence
  3043 | D:3      | Found a radiant altar of Vehumet.
  3356 | D:4      | Reached skill level 1 in Shields
  3447 | D:4      | Found a sparkling altar of Nemelex Xobeh.
  3448 | D:4      | Noticed Grinder
  3494 | D:4      | Found a staircase to the Ecumenical Temple.
  3507 | Temple   | Entered the Ecumenical Temple
  3535 | Temple   | Became a worshipper of Gozag Ym Sagoz the Greedy
  3640 | D:4      | Found a glowing drain.
  3647 | D:4      | Reached XP level 5. HP: 28/28 MP: 6/12
  3665 | Sewer    | Entered a sewer
  3874 | Sewer    | Reached XP level 6. HP: 10/32 MP: 0/14
  5297 | D:4      | Reached XP level 7. HP: 36/36 MP: 9/15
  5350 | D:4      | Found an ancient bone altar of Kikubaaqudgha.
  5568 | D:5      | Entered Level 5 of the Dungeon
  5577 | D:5      | Noticed Menkaure
  5587 | D:5      | Killed Menkaure
  6054 | D:5      | Found an iron altar of Okawaru.
  6086 | D:5      | Reached skill level 5 in Spellcasting
  6141 | D:5      | Reached skill level 5 in Fire Magic
  6141 | D:5      | Reached XP level 8. HP: 41/41 MP: 9/17
  6225 | D:5      | Reached skill level 5 in Stealth
  6505 | D:5      | Killed Grinder
  6790 | D:5      | Reached skill level 5 in Dodging
  7006 | D:5      | Learned a level 4 spell: Flame Wave
  7009 | D:5      | Learned a level 2 spell: Scorch
  7376 | D:6      | Reached XP level 9. HP: 45/45 MP: 8/20
  7571 | D:6      | Noticed Sigmund
  7577 | D:6      | Killed Sigmund
  7766 | D:6      | Found a hide-covered altar of Uskayaw.
  7905 | D:6      | Found a white marble altar of Elyvilon.
  8030 | D:6      | Identified the +6 flail of the Building Gods {flame, rElec}
  8032 | D:6      | Noticed Edmund
  8041 | D:6      | HP: 1/45 [Edmund/puff of flame (4)]
  8064 | D:6      | Killed Edmund
  8768 | D:7      | Found a sand-covered staircase.
  8777 | Ossuary  | Entered an ossuary
  9521 | D:7      | Reached skill level 5 in Conjurations
 10232 | D:7      | Reached skill level 5 in Poison Magic
 10345 | D:7      | Reached skill level 5 in Evocations
 10412 | D:7      | Found a basalt altar of Yredelemnul.
 10537 | D:7      | Slain by a gnoll bouda

Illustrated notes

Levels and vault maps discovered:
D:1:      dpeg_arrival_rooms_a, layout_basic, minmay_unequal
D:2:      layout_rooms, serial_co_window_serial, co_window_corner_a,
          co_window_corner_a, co_window_corner_a, co_window_of_opportunity_a,
          co_window_corner_a, co_window_paths_a, co_window_paths_a,
          co_window_corner_ca, co_window_paths_c, co_window_cross_3,
          co_window_paths_e, glass_columns_a, basic_ecumenical_altar
D:3:      layout_basic, vehumet_crystals, serial_corexii_hall,
          chequers_hall_statues_y, chequers_hall_statues_corner_a, st_stairs_13,
          uniq_terence
D:4:      layout_basic, nemelex_spade_bored_becter,
          mainiacjoe_overflow_boulevard, minmay_temple_entry_junction_2,
          portal_sewer_entry_f, uniq_grinder
D:5:      layout_loops_ring, lemuel_tele_altar, uniq_menkaure
D:6:      layout_loops_ring, elyvilon_altar_1, kennysheep_mini,
          sigmund_edmund_badplayer
D:7:      layout_cave_pools, yredelemnul_forgotten_temple_becter,
          enter_ossuary_3
Temple:   nicolae_temple_x_marks_the_god

Skill      XL: |  1  2  3  4  5  6  7  8  9 |
---------------+----------------------------+-----
Evocations     | 1 2 3 4 5 |  5.0
Poison Magic   | 1 2 3 4 5 |  5.2
Stealth        | 3 4 5 6 |  6.7
Dodging        | 3 4 5 6 |  6.3
Shields        | 1 2 3 |  3.8
Conjurations   | 2 3 4 5 |  5.3
Fire Magic     | 4 5 6 |  6.2
Spellcasting   | 4 5 6 |  6.9

Action                   |  1- 3 |  4- 6 |  7- 9 || total
-------------------------+-------+-------+-------++-------
 Cast: Foxfire           |   121 |   155 |   382 ||   658
       Flame Wave        |       |       |     1 ||     1
Invok: Potion Petition   |       |       |     1 ||     1
  Use: Scroll            |       |     5 |     2 ||     7
       Potion            |       |     1 |       ||     1
Armor: Robe              |     2 |     1 |     4 ||     7
Dodge: Dodged            |    22 |     2 |    47 ||    71
